 Dungeon Crawl Stone Soup version 0.28.0 (webtiles) character file.

Game seed: 13549197554135697513

34 willcat the Sneak (level 3, 0/26 HPs)
             Began as an Octopode Delver on Feb 6, 2022.
             Succumbed to an adder's poison
             ... on level 4 of the Dungeon.
             The game lasted 00:00:45 (582 turns).

willcat the Sneak (Octopode Delver)                  Turns: 582, Time: 00:00:46

Health: 0/26       AC:  1    Str: 11    XL:     3   Next: 31%
Magic:  3/3        EV: 13    Int: 12    God:
Gold:   34         SH:  0    Dex: 15    Spells: 2/2 levels left

rFire   . . .      SeeInvis .   a - +0 short sword
rCold   . . .      Faith    .   (no shield)
rNeg    . . .      Spirit   .   (helmet restricted)
rPois   .          Reflect  .   (no amulet)
rElec   .          Harm     .   (no ring)
rCorr   .          Rampage  .   (no ring)
Will    .....                   (no ring)
Stlth   +++++.....              (no ring)
HPRegen 0.08/turn               (no ring)
MPRegen 0.08/turn               (no ring)
                                (no ring)
                                (no ring)

@: lethally poisoned (0 -> -7)
A: almost no armour, amphibious, 8 rings, camouflage 1, gelatinous body 1,
(nimble swimmer 1), tentacles
a: no special abilities


You were on level 4 of the Dungeon.
You visited 1 branch of the dungeon, and saw 2 of its levels.

You collected 34 gold pieces.

Inventory:

Hand Weapons
 a - a +0 short sword (weapon)
Wands
 f - a wand of digging (3)
Scrolls
 b - a scroll of fog
 c - a scroll of magic mapping
 d - a scroll of fear
 g - a scroll of identify {unknown}
 i - a scroll of noise {unknown}
Potions
 e - a potion of haste
 h - a potion of might {unknown}
 j - a potion of curing {unknown}


   Skills:
 - Level 3.0 Fighting
 + Level 2.6 Short Blades
 + Level 2.6 Dodging
 + Level 7.1 Stealth


You had 2 spell levels left.
You didn't know any spells.
Your spell library was empty.

Dungeon Overview and Level Annotations

Branches:
Dungeon (5/15)
 Temple: D:4-7

Altars:

Shops:
D:5 =*


Innate Abilities, Weirdness & Mutations

You cannot wear most types of armour.
You are amphibious.
You can wear up to eight rings at the same time.
Your skin changes colour to match your surroundings (Stealth+).
Your rubbery body absorbs attacks. (AC +1, EV +1)
((You are camouflaged when in or above water. (Stealth+)))
You have tentacles for arms and can constrict up to eight enemies at once.


Message History

There is an open door here.
There are monsters nearby!
There are monsters nearby!
You closely miss the adder. Your grab misses the adder.
Your squeeze misses the adder.
The ball python hisses angrily.
The adder bites you. The adder closely misses you.
You hit the adder. Your grab misses the adder.
The adder is moderately wounded.
The ball python closely misses you. x2; The adder closely misses you.
You completely miss the adder. You grab the adder.
You squeeze the adder, but do no damage.
The adder is moderately wounded.
You constrict the adder. The ball python barely misses you.
The ball python grabs you. The ball python constricts you. The adder bites you.
You are poisoned.
The adder poisons you!
You hit the adder but do no damage.
The adder is heavily wounded.
You constrict the adder.
You feel sick. The ball python barely misses you.
The ball python constricts you. The adder bites you. The ball python bites you.
The ball python constricts you.
Unknown command.
You hit the adder.
The adder is severely wounded.
You constrict the adder.
You feel sick. The adder bites you.
The ball python bites you but does no damage.
The ball python constricts you. The adder bites you.
* * * LOW HITPOINT WARNING * * *
You are lethally poisoned!
The adder poisons you!
You hit the adder.
You kill the adder!
* * * LOW HITPOINT WARNING * * *
You feel sick. The ball python closely misses you.
The ball python constricts you.
* * * LOW HITPOINT WARNING * * *
Unknown command.
You escape the ball python's grasp.
You die...

...............#
#................#
...(............#
####...............#
........?..........#
...................#
...................#
......S............#
......†.@...>......#
#########..........#
#####......#
##'##### #.#
#####.######
#..........#
#..........#
#..........#


You could see a ball python.

Vanquished Creatures
  3 adders
  A dart slug (D:5)
  An endoplasm (D:4)
  A quokka (D:4)
6 creatures vanquished.

Notes
Turn   | Place    | Note
-------+----------+-------------------------------------------
     0 | D:5      | willcat the Octopode Delver began the quest for the Orb.
     0 | D:5      | Reached XP level 1. HP: 16/16 MP: 1/1
   207 | D:5      | Found Navit Iwi's Jewellery Emporium.
   238 | D:5      | Found Pahungomeu's General Store.
   239 | D:5      | Noticed a phantom
   244 | D:5      | Reached XP level 2. HP: 21/21 MP: 2/2
   267 | D:4      | Reached skill level 7 in Stealth
   288 | D:4      | Reached XP level 3. HP: 10/26 MP: 3/3
   582 | D:4      | Succumbed to an adder's poison

Illustrated notes

Levels and vault maps discovered:
D:4:      layout_basic, minmay_temple_entry_gardened_gates, serial_shops,
          nicolae_shop_stone, kennysheep_generic_room_14, uniq_edmund
D:5:      layout_rooms, serial_shops, nicolae_shop_stone, shop

Skill      XL: |  1  2 |
---------------+-------+-----
Stealth        | 7 |  7.1
Fighting       | |  3.0
Short Blades   | |  2.6
Dodging        | |  2.6

Action                   || total
-------------------------++-------
Melee: Short sword       ||    16
       Tentacles         ||     4
       Constrict         ||     3
 Stab: Sleeping          ||     2
Armor: Skin              ||     1
Dodge: Dodged            ||    11
